 Dungeon Crawl Stone Soup version 0.20-a0-904-gd863c46 (webtiles) character file.

7306 BrendanD the Carver (level 10, -3/127 HPs)
             Began as a Demonspawn Berserker on Mar 22, 2017.
             Was a High Priest of Trog.
             Slain by a hornet zombie (5 damage)
             ... on level 10 of the Dungeon.
             The game lasted 00:27:27 (9980 turns).

BrendanD the Carver (Demonspawn Berserker)          Turns: 9980, Time: 00:27:28

Health: -3/127     AC: 15    Str: 30    XL:     10   Next: 90%
Magic:  10/10      EV:  8    Int:  8    God:    Trog [*****.]
Gold:   494        SH:  0    Dex: 12    Spells: 9/9 levels left

rFire    + + .     SeeInvis .   C - +3 great sword (freeze)
rCold    . . .     Gourm    .   E - +0 plate armour
rNeg     . . .     Faith    .   (shield currently unavailable)
rPois    .         Spirit   .   (no helmet)
rElec    .         Reflect  .   e - +2 cloak
rCorr    .         Harm     .   (no gloves)
MR       .....                  (no boots)
Stlth    ..........             (no amulet)
Regen    1.8/turn               n - +3 ring of strength
MPRegen  0.2/turn               d - ring of flight

@: berserking, lethally poisoned (-3 -> -3), slowed
A: claws 1, iridescent scales 1, fire resistance 2, foul stench 2, powered by
death 1, regeneration 1, rot immunity
a: Berserk, Trog's Hand, Brothers in Arms, Burn Spellbooks, Renounce Religion,
Evoke Flight


You were on level 10 of the Dungeon.
You worshipped Trog.
Trog was extremely pleased with you.
You were very hungry.

You visited 1 branch of the dungeon, and saw 10 of its levels.

You collected 494 gold pieces.

Inventory:

Hand Weapons
 a - a +0 falchion
 C - a +3 great sword of freezing (weapon)
Armour
 e - a +2 cloak (worn)
 h - a +2 chain mail of cold resistance
 E - a +0 plate armour (worn)
Jewellery
 d - a ring of flight (left claw)
 n - a +3 ring of strength (right claw)
 w - an uncursed ring of protection from magic
 z - an uncursed ring of poison resistance
Wands
 s - a wand of iceblast (9/15)
 D - a wand of confusion (11/48)
Scrolls
 c - a scroll of fear {unknown}
 g - 4 scrolls of fog
 j - 3 scrolls of immolation {unknown}
 k - 2 scrolls of identify {@r1}
 m - a scroll of recharging {unknown}
 o - 3 scrolls of enchant armour
 r - 2 scrolls of enchant weapon {unknown}
 u - 2 scrolls of remove curse {@r2}
 x - 2 scrolls of teleportation {unknown}
 A - a scroll of magic mapping {unknown}
 F - a scroll of vulnerability {unknown}
Potions
 b - a potion of degeneration {unknown}
 v - 3 potions of curing {@q1}
 G - a potion of flight
Books
 i - a book of Minor Magic

   Spells                             Type                      Level
   a - Magic Dart                     Conjuration                  1
   b - Blink                          Translocation                2
   c - Call Imp                       Summoning                    2
   d - Slow                           Hexes                        2
   e - Conjure Flame                  Conjuration/Fire             3
   f - Mephitic Cloud                 Conjuration/Poison/Air       3
   Trog disapproves of the use of such an item.
 y - a book of Geomancy

   Spells                             Type                      Level
   a - Sandblast                      Earth                        1
   b - Passwall                       Transmutation/Earth          2
   c - Stone Arrow                    Conjuration/Earth            3
   d - Petrify                        Transmutation/Earth          4
   e - Lee's Rapid Deconstruction     Earth                        5
   Trog disapproves of the use of such an item.
 B - a book of Callings

   Spells                             Type                      Level
   a - Summon Small Mammal            Summoning                    1
   b - Call Imp                       Summoning                    2
   c - Call Canine Familiar           Summoning                    3
   d - Summon Guardian Golem          Hexes/Summoning              3
   e - Summon Lightning Spire         Summoning/Air                4
   f - Summon Ice Beast               Ice/Summoning                4
   Trog disapproves of the use of such an item.
Comestibles
 f - 21 fruits
 l - 8 royal jellies
 p - 7 meat rations
 q - 2 bread rations
 t - 12 chunks of flesh


   Skills:
 + Level 10.1 Fighting
 * Level 12.6 Long Blades
 - Level 1.7 Armour
 - Level 1.7 Dodging


You had 9 spell levels left.
You didn't know any spells.

Dungeon Overview and Level Annotations

Branches:
Dungeon (10/15)            Temple (0/1) D:5            Lair (0/6) D:9
    Orc: D:9-12

Altars:
Ashenzari
Cheibriados
Dithmenos
Fedhas
Kikubaaqudgha
Nemelex Xobeh
Zin

Shops:
D:9 }


Innate Abilities, Weirdness & Mutations

You have sharp fingernails.
You are partially covered in iridescent scales. (AC +2)
You frequently emit foul miasma when damaged in melee.
You regenerate a little health from kills.
You are immune to rotting.
Your flesh is very heat resistant. (rF++)
Your natural rate of healing is unusually fast.


Message History

The hornet zombie hits you but does no damage.
You feel sick. The hornet stings you.
* * * LOW HITPOINT WARNING * * *
You feel as though you will be slow longer.
The hornet zombie hits you!
* * * LOW HITPOINT WARNING * * *
You emit a cloud of foul miasma!
The hornet stings you.
* * * LOW HITPOINT WARNING * * *
You are lethally poisoned!
You feel as though you will be slow longer.
The hornet zombie hits you.
* * * LOW HITPOINT WARNING * * *
You can move again.
You are too berserk!
You slash the hornet! You freeze the hornet.
You feel the power of Trog in you as your rage grows.
You kill the hornet!
Trog accepts your kill.
You feel sick. The hornet zombie hits you.
You die...

#.........##..# ...
##..._...####.## ..
#.........##...# ..
...............# #.
##.....##...#.# ####..
##..#..###....#
......##..###..##..###
......Z.).###......#
.......@...#....#..#
......†.#......(#....#
........#########....#
......... .# .........
# ...###.... ### #....
#...#+


You could see a hornet zombie.

Vanquished Creatures
  Erolcha (D:10)
  A two-headed ogre (D:9)
  A hornet (D:10)
  2 dream sheep (D:8)
  2 yaks (D:8)
  2 black bears
  5 sky beasts
  3 orc warriors
  5 ogres
  A phantom (D:5)
  5 centaurs
  4 big kobolds
  Blork the orc (D:6)
  7 bullfrogs
  2 killer bees (D:8)
  2 electric eels (D:6)
  4 wights (D:9)
  2 howler monkeys (D:7)
  A crimson imp (D:7)
  A centaur zombie (D:6)
  2 jellies
  4 hounds
  11 orc priests
  An iguana (D:4)
  12 orc wizards
  6 worker ants
  4 hound skeletons
  A worker ant zombie (D:7)
  3 gnolls (D:3)
  11 adders
  A shadow imp (D:5)
  An ooze (D:1)
  3 worms
  3 dart slugs
  5 leopard geckos
  53 orcs
  13 giant cockroaches
  2 goblins (D:1)
  6 hobgoblins
  9 jackals
  9 quokkas
  4 bats
  9 frilled lizards
  15 kobolds
  A leopard gecko skeleton (D:8)
  7 rats
  A plant (D:6)
249 creatures vanquished.

Vanquished Creatures (collateral kills)
  A hydra (D:8)
  A troll (D:9)
  An orc priest (D:9)
  A leopard gecko (D:9)
4 creatures vanquished.

Grand Total: 253 creatures vanquished

Notes
Turn   | Place    | Note
-------+----------+-------------------------------------------
     0 | D:1      | BrendanD the Demonspawn Berserker began the quest for the Orb.
     0 | D:1      | Reached XP level 1. HP: 18/18 MP: 1/1
    30 | D:1      | Reached skill level 3 in Long Blades
    39 | D:1      | Gained mutation: You are immune to rotting. [demonic ancestry]
    39 | D:1      | Reached XP level 2. HP: 19/24 MP: 2/2
   617 | D:1      | Reached ** piety under Trog
   912 | D:1      | Gained mutation: You may emit foul miasma when damaged in melee. [demonic ancestry]
   912 | D:1      | Reached XP level 3. HP: 29/29 MP: 3/3
  1716 | D:2      | Gained mutation: You have sharp fingernails. [demonic ancestry]
  1716 | D:2      | Reached XP level 4. HP: 37/37 MP: 4/4
  1890 | D:3      | Reached skill level 4 in Long Blades
  2253 | D:3      | Found a sparkling altar of Nemelex Xobeh.
  2418 | D:3      | Gained mutation: You are weak. (Str -2) [potion of mutation]
  2418 | D:3      | Gained mutation: You have a pair of small horns on your head. [potion of mutation]
  2418 | D:3      | Lost mutation: You are weak. (Str -2) [potion of mutation]
  2477 | D:3      | HP: 1/37 [gnoll/club (3)]
  2478 | D:3      | Gained mutation: You are partially covered in iridescent scales. (AC +2) [demonic ancestry]
  2478 | D:3      | Reached XP level 5. HP: 1/42 MP: 5/5
  2872 | D:3      | Reached skill level 5 in Long Blades
  3608 | D:4      | Gained mutation: You frequently emit foul miasma when damaged in melee. [demonic ancestry]
  3608 | D:4      | Reached XP level 6. HP: 38/49 MP: 6/6
  3642 | D:4      | Found a blossoming altar of Fedhas.
  3642 | D:4      | Found a sparkling altar of Nemelex Xobeh.
  3642 | D:4      | Found a glowing silver altar of Zin.
  3746 | D:4      | Reached *** piety under Trog
  4201 | D:4      | Reached skill level 6 in Long Blades
  4467 | D:4      | Found an ancient bone altar of Kikubaaqudgha.
  4495 | D:4      | Reached skill level 5 in Fighting
  4498 | D:4      | Gained mutation: You regenerate a little health from kills. [demonic ancestry]
  4498 | D:4      | Reached XP level 7. HP: 55/56 MP: 7/7
  4803 | D:5      | Entered Level 5 of the Dungeon
  4857 | D:5      | Found a staircase to the Ecumenical Temple.
  5009 | D:5      | Gained mutation: Your flesh is heat resistant. (rF+) [mutagenic meat]
  5011 | D:5      | Gained mutation: Your natural rate of healing is unusually fast. [mutagenic meat]
  5012 | D:5      | Gained mutation: Your mind is acute. (Int +2) [mutagenic meat]
  5013 | D:5      | Lost mutation: Your mind is acute. (Int +2) [mutagenic meat]
  5014 | D:5      | Gained mutation: Your flesh is very heat resistant. (rF++) [mutagenic meat]
  5222 | D:5      | Reached skill level 7 in Long Blades
  5597 | D:5      | Reached XP level 8. HP: 55/64 MP: 8/8
  6016 | D:5      | Reached skill level 8 in Long Blades
  6025 | D:5      | Found a shattered altar of Ashenzari.
  6104 | D:5      | Reached **** piety under Trog
  6792 | D:6      | Reached skill level 9 in Long Blades
  6908 | D:6      | Noticed Blork the orc
  6918 | D:6      | Killed Blork the orc
  7194 | D:6      | Reached XP level 9. HP: 51/72 MP: 9/9
  7663 | D:7      | Found a snail-covered altar of Cheibriados.
  7794 | D:7      | Reached skill level 10 in Long Blades
  7887 | D:7      | Reached ***** piety under Trog
  8196 | D:8      | Lost mutation: You have a pair of small horns on your head. [mutagenic meat]
  8479 | D:8      | Reached skill level 11 in Long Blades
  8484 | D:8      | Reached XP level 10. HP: 58/82 MP: 10/10
  8558 | D:8      | Noticed a three-headed hydra
  8571 | D:8      | Killed a seven-headed hydra
  9116 | D:9      | Noticed a two-headed ogre
  9124 | D:9      | Killed a two-headed ogre
  9278 | D:9      | Found a staircase to the Lair.
  9286 | D:9      | Reached skill level 12 in Long Blades
  9424 | D:9      | Found Tuirryah's Gadget Shoppe.
  9893 | D:10     | Entered Level 10 of the Dungeon
  9937 | D:10     | Found a shadowy altar of Dithmenos.
  9959 | D:10     | Noticed Erolcha
  9971 | D:10     | Paralysed by a hornet for 1 turns
  9972 | D:10     | Killed Erolcha
  9972 | D:10     | Reached skill level 10 in Fighting
  9977 | D:10     | Paralysed by a hornet for 3 turns
  9979 | D:10     | HP: 4/127 [hornet (4)]
  9980 | D:10     | Slain by a hornet zombie

Vault maps used:
D:1:      scummos_arrival_star
D:3:      nemelex_xobeh_ov_fountains_minmay
D:4:      gammafunk_temple_overflow_forgotten, kiku_gazebo_pond_becter
D:5:      marbit_many_paths, minmay_temple_entry_junction, first_bread
D:6:      kennysheep_big_flooded_room, serial_bayou_ford_a, minmay_holes,
          uniq_blork_the_orc
D:7:      kennysheep_little_box
D:8:      hangedman_ranch, hangedman_abyss_or_decor_stabs, minivault_23
D:9:      lair_entry_dummy, serial_shops, shop_statue
D:10:     nicolae_dithmenos_shadow_blocks, uniq_psyche, uniq_nergalle,
          uniq_erolcha

Skill      XL: |  1  2  3  4  5  6  7  8  9 10 |
---------------+-------------------------------+-----
Long Blades    | 3 4 5 6 7 9 11 12 | 12.6
Fighting       | 4 5 6 7 8 10 | 10.1
Armour         | |  1.7
Dodging        | |  1.7

Action                   |  1- 3 |  4- 6 |  7- 9 | 10-12 || total
-------------------------+-------+-------+-------+-------++-------
Melee: Falchion          |   139 |   226 |   427 |   129 ||   921
       Headbutt          |       |    25 |    90 |       ||   115
       Great sword       |       |       |       |    41 ||    41
Invok: Berserk           |       |     6 |    12 |     1 ||    19
       Trog's Hand       |       |     1 |       |     1 ||     2
       Brothers in Arms  |       |       |       |     2 ||     2
  Use: Potion            |       |     5 |     2 |     1 ||     8
       Scroll            |       |     4 |     3 |     1 ||     8
 Stab: Sleeping          |     7 |     1 |       |       ||     8
  Eat: Chunk             |     3 |     9 |    29 |     7 ||    48
       Bread ration      |       |     1 |     1 |       ||     2
Armor: Animal skin       |    32 |    35 |       |       ||    67
       Chain mail        |       |    81 |   251 |    70 ||   402
       Plate armour      |       |       |       |    28 ||    28
Dodge: Dodged            |    80 |   132 |   164 |    62 ||   438
       Rpst.: Falchion   |    20 |    34 |    53 |    14 ||   121
       Great sword       |       |       |       |     6 ||     6
